 Dungeon Crawl Stone Soup version 0.17.1-2-g5865329 (webtiles) character file.

356 abixa the Cleaver (level 6, 9/53 HPs)
             Began as a Hill Orc Gladiator on Jan 14, 2016.
             Quit the game on level 4 of the Dungeon.
             The game lasted 00:08:10 (3220 turns).

abixa the Cleaver (Hill Orc Gladiator)              Turns: 3220, Time: 00:08:10

Health: 9/53       AC:  7    Str: 18    XL:     6   Next: 63%
Magic:  6/6        EV: 10    Int:  8    God:
Gold:   87         SH:  0    Dex: 13    Spells: 0 memorised, 5 levels left

rFire  . . .     SeeInvis .     a - +0 war axe
rCold  . . .     Clarity  .     z - +0 scale mail
rNeg   . . .     SustAt   +     (no shield)
rPois  .         Gourm    .     c - +0 helmet
rElec  .         Spirit   .     (no cloak)
rCorr  .         Warding  .     (no gloves)
rMut   .         Stasis   .     (no boots)
MR     .....                    g - amulet of rage
Stlth  ..........               (no ring)
                                C - ring of sustain attributes

@: lethally poisoned (9 -> -3), not resistant to hostile enchantments, extremely
unstealthy
A: no striking features
a: Evoke Berserk Rage


You were on level 4 of the Dungeon.
You were hungry.

You visited 1 branch of the dungeon, and saw 4 of its levels.

You collected 87 gold pieces.

Inventory:

Hand Weapons
 a - a +0 war axe (weapon)
Missiles
 d - 3 throwing nets
 i - 15 sling bullets
 j - 8 needles of sleeping
 k - 5 poisoned needles
 n - 79 stones (quivered)
 t - 24 bolts
 y - 6 arrows
 H - 2 tomahawks of dispersal
Armour
 c - a +0 helmet (worn)
 z - a +0 scale mail (worn)
Jewellery
 g - an amulet of rage (around neck)
 C - a ring of sustain attributes (left hand)
Scrolls
 b - a scroll of blinking {unknown}
 h - 2 scrolls of identify {unknown}
 m - a scroll of remove curse {unknown}
 r - 2 scrolls of magic mapping {unknown}
 u - 3 scrolls of enchant armour {unknown}
 v - a scroll of teleportation {unknown}
 x - 3 scrolls of enchant weapon {unknown}
 A - a scroll of immolation {unknown}
Potions
 l - 2 potions of agility {unknown}
 p - 2 potions of brilliance {unknown}
 q - 2 potions of curing {unknown}
 s - 3 potions of lignification {unknown}
 B - a potion of flight {unknown}
 D - 2 potions of cancellation {unknown}
 F - a potion of degeneration {unknown}
 G - a potion of berserk rage {unknown}
 I - a potion of poison {unknown}
Comestibles
 e - 2 bread rations
 f - a royal jelly
 o - a meat ration
 w - a slice of pizza
 E - 2 fruits


   Skills:
 + Level 4.4 Fighting
 + Level 8.1 Axes
 - Level 2.0 Throwing
 + Level 0.9 Armour
 + Level 2.6 Dodging


You had 5 spell levels left.
You didn't know any spells.

Dungeon Overview and Level Annotations

Branches:
Dungeon (4/15)
 Temple: D:4-7

Altars:
Gozag

Shops:
D:4 *


Message History

The scorpion poisons you! The orc closely misses you.
The jackal bites you but does no damage.
You slash the scorpion!
You kill the scorpion!
You hit the orc.
The orc is heavily wounded.
You closely miss the jackal.
* * * LOW HITPOINT WARNING * * *
You feel sick. The jackal barely misses you.
The orc hits you but does no damage.
* * * LOW HITPOINT WARNING * * *
You feel sick. The jackal bites you.
* * * LOW HITPOINT WARNING * * *
The orc closely misses you.
You see here a scorpion corpse.
* * * LOW HITPOINT WARNING * * *
You feel sick.
The jackal bites you but does no damage.
The jackal barely misses you.
Are you sure you want to abandon this character and quit the game? (Confirm with "yes".)

#........
#........
#........
#........
#.....%..
#........
#........
#@l.O....
#oh......
#(†......
#####))......
#..........).
#............
#............
#............
#........####


You could see an ogre, an orc, a jackal and a giant newt.

Vanquished Creatures
  A scorpion (D:4)
  An orc priest (D:4)
  2 orc wizards
  Jessica (D:3)
  Natasha (thrice) (D:3)
  4 gnolls (D:2)
  5 adders (D:2)
  A worm (D:3)
  A giant gecko (D:1)
  6 orcs
  3 ball pythons
  4 giant cockroaches
  6 goblins
  6 hobgoblins
  A quokka (D:3)
  3 bats
  8 giant newts
  7 jackals
  A jackal skeleton (D:4)
  6 kobolds
  11 rats
81 creatures vanquished.

Notes
Turn   | Place    | Note
--------------------------------------------------------------
     0 | D:1      | abixa the Hill Orc Gladiator began the quest for the Orb.
     0 | D:1      | Reached XP level 1. HP: 18/18 MP: 1/1
   314 | D:1      | Reached XP level 2. HP: 19/25 MP: 2/2
   533 | D:1      | Reached skill level 5 in Axes
   745 | D:1      | You fall through a shaft!
   769 | D:2      | Reached XP level 3. HP: 16/30 MP: 3/3
   986 | D:2      | Reached skill level 6 in Axes
  1005 | D:2      | Reached XP level 4. HP: 33/37 MP: 4/4
  1859 | D:2      | Reached skill level 7 in Axes
  1875 | D:2      | Reached XP level 5. HP: 32/44 MP: 5/5
  2574 | D:3      | Noticed Natasha
  2619 | D:3      | Killed Natasha
  2730 | D:3      | Noticed Natasha
  2734 | D:3      | Killed Natasha
  2734 | D:3      | Reached XP level 6. HP: 52/52 MP: 6/6
  2886 | D:3      | Noticed Natasha
  2891 | D:3      | Killed Natasha
  3036 | D:3      | Noticed Jessica
  3044 | D:3      | Killed Jessica
  3105 | D:3      | Reached skill level 8 in Axes
  3139 | D:4      | Found an opulent altar of Gozag.
  3144 | D:4      | Found Gozag's Platinum Reserve.
  3220 | D:4      | Quit the game

Action                   |  1- 3 |  4- 6 || total
-------------------------+-------+-------++-------
Melee: War axe           |    98 |   140 ||   238
Throw: Stone             |     7 |    17 ||    24
  Eat: Chunk             |       |     7 ||     7
